 Dungeon Crawl Stone Soup version 0.29-a0-121-g8efb068a30 (webtiles) character file.

Game seed: 9248368858575940419

876 Gargoyl the Skirmisher (level 8, -1/50 HPs)
             Began as a Gargoyle Abyssal Knight on Feb 20, 2022.
             Was a Believer of Lugonu.
             Slain by a gnoll (8 damage)
             ... on level 6 of the Dungeon.
             The game lasted 00:05:13 (6248 turns).

Gargoyl the Skirmisher (Gargoyle Abyssal Knight)    Turns: 6248, Time: 00:05:13

Health: -1/50      AC: 15    Str: 19    XL:     8   Next: 4%
Magic:  9/9        EV: 10    Int: 11    God:    Lugonu [**....]
Gold:   207        SH:  0    Dex: 10    Spells: 7/7 levels left

rFire   . . .      SeeInvis .   a - +1 hand axe
rCold   . . .      Faith    .   (no shield)
rNeg    + . .      Spirit   .   t - +3 scale mail {Will+}
rPois   ∞          Reflect  .   (no helmet)
rElec   +          Harm     .   (no cloak)
rCorr   .          Rampage  .   (no gloves)
Will    +....                   (no boots)
Stlth   ..........              (no amulet)
HPRegen 0.16/turn               (no ring)
MPRegen 0.11/turn               (no ring)

@: no status effects
A: sickness immunity, AC +5, negative energy resistance 1, electricity
resistance, torment resistance 1, petrification resistance
a: Renounce Religion, Depart the Abyss, Bend Space


You were on level 6 of the Dungeon.
You worshipped Lugonu.
Lugonu was pleased with you.
You visited 1 branch of the dungeon, and saw 6 of its levels.
You visited the Abyss 1 time.

You collected 273 gold pieces.
You spent 66 gold pieces at shops.

Inventory:

Hand Weapons
 a - a +1 hand axe (weapon)
Missiles
 n - a curare-tipped dart (quivered)
Armour
 t - a +3 scale mail of willpower (worn)
Wands
 j - a wand of flame (23)
 p - a wand of iceblast (7)
Scrolls
 d - 3 scrolls of fog
 h - 4 scrolls of teleportation
Potions
 b - a potion of ambrosia
 c - 2 potions of heal wounds
 e - a potion of magic
 f - 3 potions of resistance {unknown}
 g - a potion of invisibility {unknown}
 i - 2 potions of curing {unknown}
 l - a potion of might {unknown}
 m - a potion of attraction {unknown}
 o - a potion of brilliance {unknown}
 q - a potion of berserk rage {unknown}
 r - a potion of flight {unknown}


   Skills:
 + Level 5.5 Fighting
 + Level 5.3 Axes
 + Level 0.1 Throwing
 + Level 5.0 Armour
 + Level 2.4 Dodging
 + Level 1.0 Stealth
 + Level 2.3 Invocations


You had 7 spell levels left.
You didn't know any spells.
Your spell library contained the following spells:

 Spells                   Type           Power      Damage    Failure   Level
 Conjure Flame            Conj/Fire      0%         6-21      96%         3
 Ignite Poison            Fire/Tmut/Pois 0%         N/A       96%         3
 Sticky Flame             Conj/Fire      0%         2d3       100%        4


Dungeon Overview and Level Annotations

Branches:
Dungeon (6/15)             Temple (0/1) D:5

Altars:
Beogh

Shops:
D:1 ?:!(

Annotations:
D:5 3 runed translucent doors, Musti's ghost, amateur FoFi


Innate Abilities, Weirdness & Mutations

You are immune to sickness and miasma.
Your stone body is resilient. (AC +5)
You are immune to poison.
You resist negative energy. (rN+)
You are resistant to electric shocks. (rElec)
You are resistant to unholy torment.
You are immune to petrification.


Message History

Unknown command.
You hit the black bear.
You kill the black bear!
Lugonu accepts your kill.
Your Armour skill increases to level 5!
You have reached level 8!
You feel stronger.
You barely miss the gnoll. The gnoll barely misses you. x2
The gnoll misses you. The gnoll barely misses you.
Unknown command.
You closely miss the gnoll. The gnoll barely misses you.
The gnoll hits you with a +0 whip.
You hit the gnoll but do no damage.
The gnoll hits you from afar with a +0 halberd!
The gnoll misses you.
You hit the gnoll.
The gnoll is lightly wounded.
The gnoll hits you but does no damage.
The gnoll hits you from afar with a +0 halberd!
You hit the gnoll but do no damage.
The gnoll is lightly wounded.
The gnoll hits you with a +0 whip. The gnoll hits you but does no damage.
You hit the gnoll.
The gnoll is heavily wounded.
The gnoll hits you but does no damage. The gnoll closely misses you.
You closely miss the gnoll.
The gnoll is heavily wounded.
The gnoll barely misses you.
The gnoll hits you from afar with a +0 halberd.
* * * LOW HITPOINT WARNING * * *
You hit the gnoll.
The gnoll is severely wounded.
The gnoll hits you but does no damage.
The gnoll hits you from afar with a +0 halberd.
* * * LOW HITPOINT WARNING * * *
You closely miss the gnoll.
The gnoll is severely wounded.
The gnoll barely misses you.
The gnoll hits you from afar with a +0 halberd!
You die...

########### ......g...
#......... +.........
#.....g... #'# #)#
...####.#######
.........gg@..#
#############.# #.#
..#####.####
...........# #########
...........###........
...........').........
#..........###........
#..........# #........


You could see 2 gnolls.

Vanquished Creatures
  An ice beast (D:5)
  A black bear (D:6)
  2 ogres
  A necrophage (D:5)
  A kobold brigand (D:4)
  A scorpion (D:5)
  A bullfrog zombie (D:6)
  A centaur zombie (D:6)
  A hound (D:5)
  A jelly (D:5)
  An iguana (D:6)
  5 adders
  A gnoll (D:6)
  2 white imps
  An adder zombie (D:5)
  2 worms (D:3)
  2 dart slugs
  7 orcs
  5 endoplasms
  5 giant cockroaches
  7 hobgoblins
  3 jackals (D:3)
  8 quokkas
  8 ball pythons
  4 bats
  4 frilled lizards
  6 goblins
  5 kobolds
  4 rats
91 creatures vanquished.

Notes
Turn   | Place    | Note
-------+----------+-------------------------------------------
     0 | Abyss:1  | Gargoyl the Gargoyle Abyssal Knight began the quest for the
                  | Orb.
     0 | Abyss:1  | Reached XP level 1. HP: 14/14 MP: 2/2
     0 | D:1      | Escaped the Abyss
    46 | D:1      | Reached XP level 2. HP: 12/20 MP: 3/3
   333 | D:1      | Reached * piety under Lugonu
   415 | D:1      | Found Vamerr's Weapon Shoppe.
   496 | D:1      | Found Giroycsio's Book Shop.
   547 | D:1      | Found Joned's Distillery.
  1096 | D:1      | Reached XP level 3. HP: 24/24 MP: 4/4
  1121 | D:1      | Found Gyelua's Magic Scroll Emporium.
  1127 | D:1      | Bought a scroll of teleportation for 33 gold pieces
  1127 | D:1      | Bought a scroll of teleportation for 33 gold pieces
  1251 | D:1      | Reached skill level 1 in Dodging
  1406 | D:1      | Found a faded altar of an unknown god.
  1995 | D:2      | You fall into a shaft and drop 1 floor!
  2087 | D:3      | Reached XP level 4. HP: 26/29 MP: 5/5
  2495 | D:2      | Reached ** piety under Lugonu
  3646 | D:4      | Reached XP level 5. HP: 34/34 MP: 6/6
  3914 | D:4      | Noticed a kobold brigand
  3931 | D:4      | Killed a kobold brigand
  4396 | D:5      | Entered Level 5 of the Dungeon
  4437 | D:5      | Noticed an ice beast
  4471 | D:5      | Killed an ice beast
  4472 | D:5      | Reached XP level 6. HP: 9/40 MP: 7/7
  4747 | D:5      | Found a staircase to the Ecumenical Temple.
  4757 | D:5      | Noticed a necrophage
  4763 | D:5      | Killed a necrophage
  4953 | D:5      | Reached skill level 5 in Fighting
  4953 | D:5      | Reached XP level 7. HP: 14/44 MP: 8/8
  5834 | D:5      | Found a runed translucent gate.
  5834 | D:5      | Found a runed translucent gate.
  5834 | D:5      | Noticed Musti's ghost (amateur FoFi)
  5835 | D:5      | Found a runed translucent gate.
  5836 | D:5      | Identified the +6 short sword of the First Interlopers
                  | {pain, rF+ Int+4 Dex-5}
  6185 | D:6      | Reached skill level 5 in Axes
  6186 | D:6      | Reached skill level 1 in Stealth
  6240 | D:6      | Reached skill level 5 in Armour
  6240 | D:6      | Reached XP level 8. HP: 35/50 MP: 9/9
  6248 | D:6      | Slain by a gnoll

Illustrated notes

Levels and vault maps discovered:
D:1:      erik_arrival_triangle_medium, layout_basic, serial_shops,
          nicolae_shop_hallway_plus, nicolae_diamond_shop, nicolae_shop_trees,
          shop, hellmonk_ecumenical_altar_crossroads, minmay_tripent
D:2:      layout_basic, kennysheep_generic_room_6
D:3:      layout_loops_ring
D:4:      layout_basic, serial_bayou_lagoon_b
D:5:      layout_loops_ring, minmay_temple_entry_hall,
          biasface_ghost_orc_armoury
D:6:      layout_basic

Skill      XL: |  1  2  3  4  5  6  7 |
---------------+----------------------+-----
Fighting       | 4 5 |  5.5
Axes           | 2 3 4 5 |  5.3
Dodging        | 1 2 |  2.4
Armour         | 3 4 5 |  5.0
Stealth        | 1 |  1.0
Throwing       | |  0.1
Invocations    | |  2.3

Action                   |  1- 3 |  4- 6 |  7- 9 || total
-------------------------+-------+-------+-------++-------
Melee: Hand axe          |   105 |   164 |   116 ||   385
       Punch             |       |     2 |     1 ||     3
Throw: Dart              |       |     1 |     1 ||     2
Invok: Depart the Abyss  |     1 |       |       ||     1
  Use: Scroll            |     6 |     4 |     1 ||    11
       Potion            |       |     1 |       ||     1
Armor: Leather armour    |    13 |       |       ||    13
       Ring mail         |    39 |    36 |       ||    75
       Chain mail        |       |    67 |    34 ||   101
       Scale mail        |       |       |    44 ||    44
Dodge: Dodged            |    65 |    76 |    82 ||   223

Table legend: (Time is in decaauts)
 A = Elapsed time spent in this place.
 B = Non-inter-level travel time spent in this place.
 C = Inter-level travel time spent in this place.
 D = Time resting spent in this place.
 E = Time spent auto-exploring this place.
 F = Levels seen in this place.
 G = Mean time per level.
                   A        B        C        D        E       F      G
               +--------+--------+--------+--------+--------+-----+--------+
         Total |   6340 |   6148 |    192 |      0 |   5146 |   7 |  905.7 |
       Dungeon |   6340 |   6148 |    192 |      0 |   5146 |   6 | 1056.7 |
         Abyss |      0 |      0 |      0 |      0 |      0 |   1 |    0.0 |
               +--------+--------+--------+--------+--------+-----+--------+

Top non-repeatable levels by time:
     D:1: 1691 daAuts
     D:5: 1608 daAuts
     D:3: 1077 daAuts
     D:4: 929 daAuts
     D:2: 777 daAuts
     D:6: 254 daAuts
